rangers my beloved

Match 19507261
End
Panzerpioneer Squad
Panzerpioneer Squad
Panzerpioneer Squad
Construct Light Support Kompanie
MG34 Team
Panzerjäger Squad
2.5-tonne Medical Truck
Assault Mechanized Group
Panzerjäger Squad
Panzerjäger Squad
Selects Armored Support Battlegroup
Selects Superior Fire Drills
Fire Support Elements
Flakvierling Half-track
Selects Flammpanzer III Medium Tank Sd.Kfz. 141
Flammpanzer III Medium Tank
Flammpanzer III Medium Tank
Flammpanzer III Medium Tank
le.IG 18 Mechanized Group
AI Takeover
Treadz
Oziligath
0
0

Comments sign in to comment!

No comments posted yet!